 Dungeon Crawl Stone Soup version 0.31-a0-496-g6f97920a28 (webtiles) character file.

Game seed: 1354739467598447243

5372 kae the Martial Artist (level 10, -2/83 HPs)
             Began as a Yellow Draconian Shapeshifter on Aug 8, 2023.
             Was an Initiate of Ru.
             Slain by a manticore (5 damage)
             ... on level 9 of the Dungeon.
             The game lasted 00:07:26 (10362 turns).

kae the Martial Artist (DrSh)                      Turns: 10362, Time: 00:07:26

Health: -2/83      AC:  7    Str: 17    XL:     10   Next: 39%
Magic:  10/10      EV: 12    Int:  8    God:    Ru [......]
Gold:   701        SH:  0    Dex: 17    Spells: 9/9 levels left

rFire   . .          .
                       - Unarmed
rCold   . . .        (no shield)
rNeg    . . .        (body armour unavailable)
rPois   .            (helmet currently unavailable)
rElec   .            (cloak currently unavailable)
rCorr   +            (gloves currently unavailable)
SInv    .            (boots currently unavailable)
Will    .....        (no amulet) Stlth
                     (no ring)
HPRegen 0.33/turn    (no ring)
MPRegen 0.12/turn

%: no passive effects
@: short of breath, beast-form
A: beast (slay +4), spit acid, AC +7, unfitting armour, cold-blooded, no
stealth, acid resistance
a: Breathe Acid, Begin Untransformation, Renounce Religion


You were on level 9 of the Dungeon.
You worshipped Ru.
Ru was noncommittal.
You were a hulking beast.
You visited 2 branches of the dungeon, and saw 10 of its levels.
You also visited: Ossuary.

You collected 701 gold pieces.


Innate Abilities, Weirdness & Mutations

You are a hulking beast.
Your limbs bulge with bestial killing power. (Slay +4)
You can spit globs of acid.
Your golden yellow scales are hard. (AC +7)
You cannot fit into any form of body armour.
You are cold-blooded and may be slowed by cold attacks.
You cannot be stealthy.
You are resistant to acid. (rCorr)


   Skills:
 + Level 5.8 Fighting
 - Level 1.7 Dodging
 - Level 10.0 Unarmed Combat
 - Level 10.0 Shapeshifting


You had 9 spell levels left.
You didn't know any spells.
Your spell library contained the following spells:

 Spells                   Type           Power      Damage    Failure   Level
 Freeze                   Ice            0%         1d3       41%         1
 Frozen Ramparts          Ice            0%         1d1       78%         3
 Hailstorm                Conj/Ice       0%         3d3       78%         3
 Vhi's Electric Charge    Tloc/Air       0%         N/A       78%         3
 Olgreb's Toxic Radiance  Pois           0%         N/A       99%         4
 Arcjolt                  Conj/Air       0%         1d10      100%        5
 Plasma Beam              Fire/Air       0%         2x1d10    100%        6
 Discord                  Hex            0%         N/A       100%        8
 Ignition                 Fire           0%         3d3       100%        8

Inventory:

Missiles
 f - 74 stones
 h - 2 throwing nets {=f!f}
 i - 28 poisoned darts
 o - 4 boomerangs
 u - a curare-tipped dart {=f}
Magical Staves
 y - a staff of air {!a}
   (You found it on level 8 of the Dungeon)
Jewellery
 C - a ring of ice
   (You found it on level 2 of the Dungeon)
 F - a ring of fire
   (You found it on level 2 of the Dungeon)
Talismans
 b - a beast talisman (active)
 c - a flux talisman
Wands
 k - a wand of light (9)
   (You found it on level 4 of the Dungeon)
 n - a wand of flame (17)
   (You found it on level 4 of the Dungeon)
Scrolls
 a - 2 scrolls of blinking {!r}
 e - 2 scrolls of teleportation {@r4}
 p - a scroll of torment {!r}
 q - a scroll of vulnerability {!r!r}
 v - 4 scrolls of poison {unknown}
 z - a scroll of enchant armour {unknown}
 A - a scroll of fog {unknown}
Potions
 d - 3 potions of cancellation
 g - 2 potions of degeneration {!q}
 j - a potion of magic {unknown}
 l - 4 potions of haste {@q3}
 m - 2 potions of might
 r - 5 potions of curing {@q1}
 s - 2 potions of enlightenment
 t - 4 potions of heal wounds {@q2}
 w - 2 potions of brilliance {unknown}
 x - a potion of berserk rage {unknown}

Dungeon Overview and Level Annotations

Branches:
Dungeon (9/15) Zot: 26367  Temple (1/1) D:5 Zot: 5955 Ossuary (visited)
   Lair: D:8-11         Orc: D:9-12

Altars:
Cheibriados
Dithmenos
Elyvilon
Fedhas
Gozag
Hepliaklqana
Makhleb
Nemelex Xobeh
Okawaru
Qazlal
Ru
Sif Muna
Trog
Uskayaw
Vehumet
Wu Jian
Xom
Zin
The Shining One

Shops:
D:5 ( D:8

( .. ... ...##
.~~..#####
.P~P~P...+##+##+##+##+
P~~~P....#.....#.....#
♣♣~P...#.....#H....#
♣~~~~..###'##h#
♣~~~..[).)<...#
♣P♣♣~P...##....#
PPP~♣~P.##.....#
PP~P~♣~P##...#.#
~....~~~P##.###.#
~...PP~~~~.. ...
.###.~~♣PP#. ....
##~P~~~P. ...##


You could see a manticore.


Message History

No target in view!
No target in view!
You start resting. 😎 HP[+4]
Your hp is fully restored (83).
There is a stone staircase leading up, spattered with blood here.
As you open the door, it creaks loudly!
Unknown command.
There is an open door here.
You open the door.
A manticore comes into view.
The manticore flicks its tail.
The volley of spikes misses you.
There is an open door here.
Unknown command.
A manticore is nearby!
A manticore is nearby!
You start waiting.
An orc priest comes into view. It is wielding a +0 club.
You close the door.
The orc priest invokes the aid of Beogh against you.
Beogh smites you!
An orc comes into view. It is wielding a +0 flail.
There is a stone staircase leading up, spattered with blood here. 😕 HP[-8]
You take 8 damage, and now have 75/83 hp.
You barely miss the orc priest. The orc priest hits you with a +0 club.
You punch the orc priest!
The orc priest hits you with a +0 club. 😕 HP[-2]
You take 2 damage, and now have 73/83 hp.
You barely miss the orc priest.
Your tail-slap misses the orc priest.
You closely miss the orc priest.
The orc priest hits you but does no damage.
You pummel the orc priest!!
You kill the orc priest!
Things that are here:
a +0 club; an orc corpse; 😕 HP[+1]
The orc hits you but does no damage.
You closely miss the orc.
The orc hits you with a +0 flail. 😕 HP[-6]
You take 6 damage, and now have 68/83 hp.
You hit the orc.
Your tail-slap misses the orc.
You closely miss the orc.
The orc hits you with a +0 flail. 😕 HP[-1]
You take 1 damage, and now have 67/83 hp.
You closely miss the orc. The orc barely misses you.
You punch the orc!
You kill the orc! 😕 HP[+1] No target in view!
No target in view!
Things that are here:
a +0 club; an orc corpse You start resting. 😕 HP[+2]
You regained 2 hp, and now have 70/83 hp.
There is a stone staircase leading up, spattered with blood here. 😕 HP[+1]
You start resting. 😎 HP[+12]
Your hp is fully restored (83).
As you open the door, it creaks loudly!
The manticore flicks its tail.
The volley of spikes misses you.
There is an open door here.
As you close the door, it creaks loudly!
You open the door. The manticore bites you!! The manticore claws you!
The manticore claws you but does no damage.
There is an open door, spattered with blood here. 😮 HP[-30]
You take 30 damage, and now have 53/83 hp.
MASSIVE DAMAGE!! (PAUSE)
Press: ? - help, Shift-Dir - straight line, f - manticore
Aim: a manticore (78% to hit)
You spit a glob of acid.
The glob of acid misses the manticore.
The manticore closely misses you.
The manticore claws you but does no damage.
The manticore claws you! 😮 HP[-9]
You take 9 damage, and now have 44/83 hp.
You hit the manticore.
Your tail-slap misses the manticore.
The manticore misses you. The manticore claws you!
* * * LOW HITPOINT WARNING * * *
The manticore claws you.
* * * LOW HITPOINT WARNING * * *
😨 HP[-13]
You take 13 damage, and now have 31/83 hp.
You hit the manticore. You tail-slap the manticore. The manticore bites you!
* * * LOW HITPOINT WARNING * * *
The manticore barely misses you. The manticore claws you!
* * * LOW HITPOINT WARNING * * *
😱 HP[-25]
You take 25 damage, and now have 6/83 hp.
MASSIVE DAMAGE!! (PAUSE)
You hit the manticore but do no damage. You punch the manticore.
The manticore bites you.
* * * LOW HITPOINT WARNING * * *
The manticore claws you.
You die...

Skill      XL: |  1  2  3  4  5  6  7  8  9 10 |
---------------+-------------------------------+-----
Unarmed Combat | 4 5 6 7 8 10 | 10.0
Shapeshifting  | 4 5 6 7 9 10 | 10.0
Fighting       | 5 |  5.8
Dodging        | |  1.7

Action                     |  1- 3 |  4- 6 |  7- 9 | 10-12 || total
---------------------------+-------+-------+-------+-------++-------
  Melee: Unarmed           |   133 |    83 |   389 |    64 ||   669
         Tailslap          |    13 |     7 |    47 |     9 ||    76
         Punch             |     3 |     5 |    17 |     6 ||    31
 Invoke: Sacrifice Stealth |       |       |     1 |       ||     1
Ability: Breathe Acid      |       |       |    18 |     5 ||    23
  Evoke: Wand              |       |     2 |     2 |       ||     4
    Use: Scroll            |     2 |     4 |     8 |       ||    14
         Potion            |       |     1 |     3 |       ||     4
   Stab: Sleeping          |     1 |       |     1 |       ||     2
         Invisible         |       |     1 |       |       ||     1
 Armour: Skin              |    40 |    27 |   177 |    34 ||   278
  Dodge: Dodged            |    94 |    35 |   209 |    40 ||   378

Levels and vault maps discovered:
D:1:      sevenhm_arrival_forest_fort_small_4, layout_basic, serial_aquarium,
          aquarium_bridge_straight [aquarium_subvault_bridge,
          aquarium_subvault_window, aquarium_subvault_bridge,
          aquarium_subvault_window], aquarium_bridge_long_separate
          [aquarium_subvault_bridge, aquarium_subvault_wall,
          aquarium_subvault_window, aquarium_subvault_bridge,
          aquarium_subvault_window, aquarium_subvault_bridge],
          aquarium_window_1, aquarium_window_fake, aquarium_view_2f,
          aquarium_pool_four, grunt_decor_clamped
D:2:      layout_basic
D:3:      layout_loops_cross
D:4:      layout_loops_ring, uniq_robin, uniq_menkaure, uniq_crazy_yiuf_cottage,
          uniq_blork_the_orc
D:5:      layout_layer_cave, okawaru_trees_2, temple_hall, enter_ossuary_4,
          nicolae_shop_firing_range
D:6:      layout_basic, elyvilon_altar_5
D:7:      layout_loops_ring, kennysheep_generic_room_14, uniq_prince_ribbit1
D:8:      layout_basic, kennysheep_small_square, uniq_amaemon, uniq_grum
D:9:      layout_cave_pools, mainiacjoe_overflow_24_doors, ashenzari_altar_1,
          dpeg_lair_monsters, orc_0_dummy, gammafunk_ghost_spectres,
          serial_bayou_lagoon_a, wad_mini_maze
Temple:   nicolae_temple_bog_church

Notes
Turn   | Place    | Note
-------+----------+-------------------------------------------
     0 | D:1      | kae the Draconian Shapeshifter began the quest for the Orb.
     0 | D:1      | Reached XP level 1. HP: 16/16 MP: 1/1
     0 | D:1      | magus.rc [v1.11.3]
   189 | D:1      | Reached XP level 2. HP: 21/23 MP: 2/2
   845 | D:2      | Reached XP level 3. HP: 28/28 MP: 3/3
   977 | D:2      | You pick up a book of Lightning and begin reading...
   977 | D:2      | You add the spells Vhi's Electric Charge, Arcjolt and
                  | Plasma Beam to your library.
  1023 | D:2      | You pick up a book of Frost and begin reading...
  1023 | D:2      | You add the spells Freeze, Frozen Ramparts and Hailstorm to
                  | your library.
  1586 | D:3      | Reached skill level 4 in Unarmed Combat
  1683 | D:3      | Reached XP level 4. HP: 31/35 MP: 4/4
  2044 | D:3      | Reached skill level 4 in Shapeshifting
  2339 | D:4      | Noticed Blork the orc
  2340 | D:4      | Noticed a scorpion
  2349 | D:4      | Reached XP level 5. HP: 40/40 MP: 5/5
  2355 | D:4      | Reached skill level 5 in Unarmed Combat
  2357 | D:4      | Killed Blork the orc
  2358 | D:4      | Reached XP level 6. HP: 47/47 MP: 6/6
  2586 | D:4      | Reached skill level 5 in Shapeshifting
  2649 | D:4      | Noticed Menkaure
  2653 | D:4      | Killed Menkaure
  2654 | D:4      | Reached skill level 6 in Unarmed Combat
  2654 | D:4      | Your scales start taking on a golden yellow colour.
  2654 | D:4      | Reached XP level 7. HP: 52/52 MP: 7/7
  2654 | D:4      | Gained mutation: You are resistant to acid. (rCorr) [Yellow
                  | Draconian growth]
  2852 | D:4      | Noticed Robin
  2879 | D:4      | Killed Robin
  3129 | D:4      | Found a runed translucent door.
  3130 | D:4      | Noticed Crazy Yiuf
  3241 | D:4      | HP: 12/52 [Crazy Yiuf/+3 quarterstaff of chaos (14)]
  3242 | D:4      | Killed Crazy Yiuf
  3434 | D:5      | Entered Level 5 of the Dungeon
  3608 | D:5      | Found a sand-covered staircase.
  3615 | Ossuary  | Entered an ossuary
  3640 | Ossuary  | HP: 13/52 [mummy (13)]
  3641 | Ossuary  | Reached skill level 6 in Shapeshifting
  3807 | Ossuary  | Reached skill level 7 in Unarmed Combat
  4344 | D:5      | Reached XP level 8. HP: 43/59 MP: 8/8
  4560 | D:5      | Found an iron altar of Okawaru.
  4671 | D:5      | Found Xuzog's Firing Range.
  5460 | D:5      | Found a staircase to the Ecumenical Temple.
  5469 | Temple   | Entered the Ecumenical Temple
  5491 | Temple   | Became a worshipper of Ru the Awakened
  5675 | D:6      | You add the spells Olgreb's Toxic Radiance, Ignition and
                  | Discord to your library.
  5761 | D:6      | Found a white marble altar of Elyvilon.
  5811 | D:6      | Reached skill level 8 in Unarmed Combat
  5870 | D:6      | Reached skill level 7 in Shapeshifting
  6116 | D:6      | HP: 11/54 [wight/+2 trident (3)]
  6771 | D:7      | Reached XP level 9. HP: 43/64 MP: 9/9
  6920 | D:7      | Reached skill level 9 in Unarmed Combat
  6966 | D:7      | Gained mutation: You cannot be stealthy. [Ru sacrifice]
  7310 | D:7      | Reached skill level 8 in Shapeshifting
  7497 | D:7      | Noticed Prince Ribbit
  7515 | D:7      | Killed Prince Ribbit
  7743 | D:8      | Found Qigid's Weapon Shoppe.
  8032 | D:7      | HP: 19/96 [killer bee (7)]
  8034 | D:7      | Reached skill level 10 in Unarmed Combat
  8446 | D:8      | Reached skill level 9 in Shapeshifting
  8654 | D:8      | Noticed Grum
  8663 | D:8      | Killed Grum
  8682 | D:8      | Reached XP level 10. HP: 21/71 MP: 10/10
  8857 | D:8      | Noticed Amaemon
  8857 | D:8      | Noticed an orange demon
  8881 | D:8      | Killed Amaemon
  8882 | D:8      | Reached skill level 10 in Shapeshifting
  8882 | D:8      | Reached skill level 2 in Fighting
  8888 | D:8      | HP: 18/75 [poisoned by Amaemon]
  9213 | D:8      | Reached skill level 3 in Fighting
  9593 | D:8      | Killed an orange demon
  9594 | D:8      | Reached skill level 4 in Fighting
  9729 | D:9      | Noticed a death yak
  9895 | D:9      | HP: 17/80 [centaur/arrow (11)]
 10092 | D:9      | Reached skill level 5 in Fighting
 10287 | D:9      | Noticed a manticore
 10361 | D:9      | HP: 17/83 [manticore (15)]
 10361 | D:9      | HP: 6/83 [manticore (11)]
 10362 | D:9      | Slain by a manticore

Vanquished Creatures
  Amaemon (D:8)
  An orange demon (D:8)
  Prince Ribbit (D:7)
  A wyvern (D:7)
  Grum (D:8)
  2 steam dragons
  Menkaure (D:4)
  A water moccasin (D:9)
  A sky beast (D:7)
  2 black bears
  An orc warrior (D:8)
  2 ogres
  4 wolves (D:8)
  A centaur (D:8)
  A phantom (D:5)
  2 kobold brigands
  Blork the orc (D:4)
  2 gnoll sergeants
  3 bullfrogs
  3 scorpions
  9 wights
  4 killer bees
  2 howler monkeys
  An electric eel (D:9)
  A hound (D:3)
  Crazy Yiuf (D:4)
  A jelly (D:7)
  7 orc priests
  A gnoll bouda (D:8)
  2 sleepcaps
  3 iguanas
  5 orc wizards
  8 mummies (Ossuary)
  Robin (D:4)
  17 gnolls
  4 adders
  A shadow imp (D:6)
  3 white imps
  2 ufetubi
  3 worms
  2 dart slugs
  31 orcs
  8 ball pythons
  7 endoplasms
  4 giant cockroaches
  10 goblins
  7 hobgoblins
  4 jackals
  5 quokkas
  3 training dummies (D:5)
  4 bats
  6 frilled lizards
  5 hobgoblin zombies (Ossuary)
  20 kobolds
  2 kobold zombies (Ossuary)
  An orc zombie (Ossuary)
  2 quokka zombies (D:5)
  5 rats
234 creatures vanquished.

Table legend:
 A = Non-vault XP
 B = Vault XP
 C = Vault XP percentage of total XP
 D = Non-vault monster count
 E = Vault monster count
 F = Vault count percentage of total count
                 A         B        C        D         E       F
            +---------+---------+-------+---------+---------+-------
      Total |    4924 |    2751 |  35.8 |     193 |      41 |  17.5
            +---------+---------+-------+---------+---------+-------
        D:1 |      37 |       0 |   0.0 |      24 |       0 |   0.0
        D:2 |      21 |       0 |   0.0 |       9 |       0 |   0.0
        D:3 |     130 |       0 |   0.0 |      27 |       0 |   0.0
        D:4 |     363 |     332 |  47.8 |      25 |      10 |  28.6
        D:5 |     564 |       8 |   1.4 |      17 |       5 |  22.7
        D:6 |     892 |       0 |   0.0 |      24 |       0 |   0.0
        D:7 |    1282 |     389 |  23.3 |      27 |       2 |   6.9
        D:8 |    1201 |    1864 |  60.8 |      35 |       8 |  18.6
        D:9 |     434 |       0 |   0.0 |       5 |       0 |   0.0
    Ossuary |       0 |     158 | 100.0 |       0 |      16 | 100.0
            +---------+---------+-------+---------+---------+-------

Skill      XL: |  1  2  3  4  5  6  7  8  9 10 |
---------------+-------------------------------+-----
Unarmed Combat | 4 5 6 7 8 10 | 10.0
Shapeshifting  | 4 5 6 7 9 10 | 10.0
Fighting       | 5 |  5.8
Dodging        | |  1.7

Action                     |  1- 3 |  4- 6 |  7- 9 | 10-12 || total
---------------------------+-------+-------+-------+-------++-------
  Melee: Unarmed           |   133 |    83 |   389 |    64 ||   669
         Tailslap          |    13 |     7 |    47 |     9 ||    76
         Punch             |     3 |     5 |    17 |     6 ||    31
 Invoke: Sacrifice Stealth |       |       |     1 |       ||     1
Ability: Breathe Acid      |       |       |    18 |     5 ||    23
  Evoke: Wand              |       |     2 |     2 |       ||     4
    Use: Scroll            |     2 |     4 |     8 |       ||    14
         Potion            |       |     1 |     3 |       ||     4
   Stab: Sleeping          |     1 |       |     1 |       ||     2
         Invisible         |       |     1 |       |       ||     1
 Armour: Skin              |    40 |    27 |   177 |    34 ||   278
  Dodge: Dodged            |    94 |    35 |   209 |    40 ||   378

Illustrated notes

Table legend:
 A = Kills in this place as a percentage of kills in the entire game.
 B = Kills by you in this place as a percentage of kills by you in the entire game.
 C = Kills by friends in this place as a percentage of kills by friends in the entire game.
 D = Other kills in this place as a percentage of other kills in the entire game.
 E = Experience gained in this place as a percentage of experience gained in the entire game.
 F = Experience gained in this place divided by the number of levels of this place that you have seen.
                   A       B       C       D       E      F
               +-------+-------+-------+-------+-------+----------------------
         Total | 100.0 | 100.0 |   N/A |   N/A | 100.0 | 697.7
       Dungeon |  93.2 |  93.2 |   N/A |   N/A |  97.9 | 835.2
       Ossuary |   6.8 |   6.8 |   N/A |   N/A |   2.1 | 158.0
               +-------+-------+-------+-------+-------+----------------------

Table legend: (Time is in decaauts)
 A = Elapsed time spent in this place.
 B = Non-inter-level travel time spent in this place.
 C = Inter-level travel time spent in this place.
 D = Time resting spent in this place.
 E = Time spent auto-exploring this place.
 F = Levels seen in this place.
 G = Mean time per level.
                   A        B        C        D        E       F      G
               +--------+--------+--------+--------+--------+-----+--------+
         Total |  10298 |   9997 |    301 |   1864 |   6764 |  11 |  936.2 |
       Dungeon |   9678 |   9421 |    257 |   1646 |   6511 |   9 | 1075.3 |
        Temple |     44 |      1 |     43 |      0 |      0 |   1 |   44.0 |
       Ossuary |    575 |    575 |      0 |    218 |    253 |   1 |  575.0 |
               +--------+--------+--------+--------+--------+-----+--------+

Top non-repeatable levels by time:
     D:8: 2148 daAuts
     D:5: 1598 daAuts
     D:7: 1391 daAuts
     D:4: 1156 daAuts
     D:6: 893 daAuts
     D:1: 843 daAuts
     D:3: 730 daAuts
     D:2: 705 daAuts
 Ossuary: 575 daAuts
     D:9: 209 daAuts
  Temple: 44 daAuts
